 Dungeon Crawl Stone Soup version 0.24-a0-439-g6dd8730 (webtiles) character file.

Game seed: 13201595998585018515

2020 Bitman the Basher (level 9, -1/79 HPs)
             Began as a Minotaur Berserker on June 18, 2019.
             Was an Elder of Trog.
             Slain by an orc wizard
             ... wielding a +0 dagger
              (3 damage)
             ... on level 7 of the Dungeon on June 19, 2019.
             The game lasted 00:21:19 (4991 turns).

Bitman the Basher (Minotaur Berserker)              Turns: 4991, Time: 00:21:19

Health: -1/79      AC: 10    Str: 25    XL:     9   Next: 3%
Magic:  8/8        EV: 12    Int:  4    God:    Trog [****..]
Gold:   371        SH:  0    Dex: 10    Spells: 8/8 levels left

rFire    . . .     SeeInvis .   u - +1 flail (holy)
rCold    . . .     Gourm    .   (no shield)
rNeg     . . .     Faith    .   d - +1 scale mail
rPois    .         Spirit   .   (helmet restricted)
rElec    .         Reflect  .   v - +0 cloak
rCorr    .         Harm     .   (no gloves)
MR       ++...                  (no boots)
Stlth    ..........             (no amulet)
HPRegen  1.23/turn              (no ring)
MPRegen  0.11/turn              (no ring)

@: berserk cooldown, regenerating, slowed, very slow
A: retaliatory headbutt, horns 2
a: Berserk, Trog's Hand, Brothers in Arms, Renounce Religion


You were on level 7 of the Dungeon.
You worshipped Trog.
Trog was greatly pleased with you.
You were near starving.

You visited 1 branch of the dungeon, and saw 7 of its levels.

You collected 371 gold pieces.

Inventory:

Hand Weapons
 m - a +0 hunting sling
 u - a +1 flail of holy wrath (weapon)
Missiles
 i - 144 stones
 j - 6 silver javelins
 l - 25 poisoned darts
 o - a throwing net (quivered)
Armour
 d - a +1 scale mail (worn)
 v - a +0 cloak (worn)
 y - a +1 pair of gloves
Wands
 s - a wand of iceblast (7)
 t - a wand of scattershot (1)
Scrolls
 h - 3 scrolls of teleportation
 k - 7 scrolls of identify
 q - a scroll of remove curse
Potions
 a - 2 potions of flight {unknown}
 b - a potion of resistance {unknown}
 e - 9 potions of curing
 g - 4 potions of lignification
 n - a potion of magic {unknown}
 w - a potion of heal wounds {unknown}
 x - a potion of cancellation {unknown}
Comestibles
 c - 11 rations
 z - 16 chunks of flesh


   Skills:
 + Level 7.3 Fighting
 * Level 9.6 Maces & Flails
 + Level 6.7 Armour
 + Level 6.1 Dodging


You had 8 spell levels left.
You didn't know any spells.
Your spell library was empty.

Dungeon Overview and Level Annotations

Branches:
Dungeon (7/15)             Temple (0/1) D:6

Altars:
Gozag
Okawaru
Qazlal
Trog
Zin


Innate Abilities, Weirdness & Mutations

You reflexively headbutt those who attack you in melee.
You have a pair of horns on your head.


Message History

Something hits you but does no damage. The orc warrior barely misses you.
The quasit bites you but does no damage.
The quasit closely misses you.
The quasit claws you but does no damage.
Something hits you but does no damage.
You sock the quasit!
You kill the quasit!
Trog accepts your kill.
The orc warrior hits you from afar with a +0 trident!
* * * LOW HITPOINT WARNING * * *
Something hits you but does no damage. The orc warrior closely misses you.
Something barely misses you.
The orc warrior hits you from afar with a +0 trident!
* * * LOW HITPOINT WARNING * * *
Your skin crawls.
You feel resistant to hostile enchantments.
You are near starving!
Something hits you but does no damage. The orc warrior closely misses you.
Something hits you.
You die...

##+## ##...##
##.....##
##.......##
###.........#
.'.........+
#.........#
#..o.){.#
##...@.##
##..)## ##'##
#.# #.# ##.##
##...##
#.###.....#
.........##


You could see an orc warrior.

Vanquished Creatures
  Grinder (D:3)
  A hornet (D:5)
  Sigmund (D:5)
  A hungry ghost (D:7)
  2 ogres (D:5)
  A centaur (D:5)
  A bullfrog (D:6)
  2 jellies (D:5)
  3 howler monkeys (D:5)
  A quasit (D:7)
  A centaur skeleton (D:5)
  A hound (D:7)
  Crazy Yiuf (D:4)
  4 orc priests
  A gnoll shaman (D:5)
  Ijyb (D:4)
  Natasha (thrice) (D:4)
  5 orc wizards
  3 worker ants
  2 hound zombies
  A hound skeleton (D:6)
  Robin (D:3)
  4 gnolls (D:5)
  6 adders
  A shadow imp (D:6)
  An ooze (D:3)
  An adder zombie (D:7)
  An adder skeleton (D:5)
  4 worms
  A dart slug (D:1)
  7 leopard geckos
  18 orcs
  6 ball pythons (D:2)
  8 bats
  2 giant cockroaches
  11 goblins (D:3)
  7 hobgoblins
  4 jackals (D:1)
  7 kobolds
  5 quokkas
  4 frilled lizards
  2 leopard gecko skeletons
  7 rats
145 creatures vanquished.

Notes
Turn   | Place    | Note
-------+----------+-------------------------------------------
     0 | D:1      | Bitman the Minotaur Berserker began the quest for the Orb.
     0 | D:1      | Reached XP level 1. HP: 19/19 MP: 0/0
    94 | D:1      | Reached XP level 2. HP: 27/27 MP: 1/1
   101 | D:1      | Reached skill level 4 in Maces & Flails
   715 | D:2      | Reached XP level 3. HP: 33/33 MP: 2/2
  1351 | D:2      | Reached ** piety under Trog
  1408 | D:2      | Reached XP level 4. HP: 35/40 MP: 3/3
  1628 | D:3      | Noticed Robin
  1641 | D:3      | Killed Robin
  1641 | D:3      | Reached skill level 5 in Maces & Flails
  1735 | D:3      | Noticed Grinder
  1747 | D:3      | Killed Grinder
  1747 | D:3      | Reached skill level 6 in Maces & Flails
  1747 | D:3      | Reached XP level 5. HP: 47/47 MP: 4/4
  1747 | D:3      | Reached XP level 6. HP: 55/55 MP: 5/5
  1896 | D:3      | Reached skill level 5 in Fighting
  1946 | D:3      | Found an iron altar of Okawaru.
  2084 | D:3      | Reached *** piety under Trog
  2607 | D:4      | Found an opulent altar of Gozag.
  2608 | D:4      | Found a glowing silver altar of Zin.
  2623 | D:4      | Noticed Natasha
  2632 | D:4      | Killed Natasha
  2637 | D:4      | Noticed Ijyb
  2649 | D:4      | Killed Ijyb
  2924 | D:4      | Noticed Natasha
  2926 | D:4      | Killed Natasha
  2926 | D:4      | Reached XP level 7. HP: 61/61 MP: 6/6
  2998 | D:4      | Found a bloodstained altar of Trog.
  3125 | D:4      | Noticed Natasha
  3127 | D:4      | Killed Natasha
  3272 | D:4      | Found a runed translucent door.
  3273 | D:4      | Noticed Crazy Yiuf
  3318 | D:4      | Killed Crazy Yiuf
  3398 | D:5      | Entered Level 5 of the Dungeon
  3412 | D:5      | Reached skill level 7 in Maces & Flails
  3455 | D:5      | Reached skill level 5 in Armour
  3510 | D:5      | Noticed a hornet
  3520 | D:5      | Killed a hornet
  3866 | D:5      | Reached skill level 5 in Dodging
  3866 | D:5      | Reached XP level 8. HP: 70/70 MP: 7/7
  3977 | D:5      | Reached skill level 8 in Maces & Flails
  4046 | D:5      | Noticed Sigmund
  4056 | D:5      | Killed Sigmund
  4140 | D:5      | Reached **** piety under Trog
  4460 | D:6      | Found a stormy altar of Qazlal.
  4500 | D:6      | Reached skill level 9 in Maces & Flails
  4505 | D:6      | Found a staircase to the Ecumenical Temple.
  4966 | D:7      | Reached XP level 9. HP: 79/79 MP: 8/8
  4990 | D:7      | HP: 1/79 [orc warrior/+0 trident (15)]
  4991 | D:7      | Slain by an orc wizard

Levels and vault maps discovered:
D:1:      mrwooster_arrival_statue_2, layout_loops_ring
D:2:      layout_basic, minmay_shallow_snake_nest
D:3:      layout_loops_cross, lemuel_doored_altar, minmay_hedge_maze,
          uniq_robin, uniq_grinder
D:4:      minmay_evil_eye, layout_basic, overflow_temple_1_default,
          lemuel_crystal_altar, trog_butcher_becter, uniq_ijyb, uniq_natasha,
          uniq_crazy_yiuf_cottage
D:5:      layout_gridville, first_ration, uniq_sigmund
D:6:      layout_basic, grunt_qazlal_clouds, minmay_temple_entry_slanted
D:7:      layout_loops_corners, kennysheep_mini_moat, basic_altar,
          chequers_ossuary_entry_cave

Skill      XL: |  1  2  3  4  5  6  7  8 |
---------------+-------------------------+-----
Maces & Flails | 4 6 7 9 |  9.6
Fighting       | 4 5 6 7 |  7.3
Armour         | 3 4 5 6 |  6.7
Dodging        | 3 4 5 6 |  6.1

Action                   |  1- 3 |  4- 6 |  7- 9 || total
-------------------------+-------+-------+-------++-------
Melee: Mace              |    51 |    96 |       ||   147
       Headbutt          |     7 |    21 |    22 ||    50
       Flail             |       |    27 |   146 ||   173
Invok: Berserk           |       |     3 |     4 ||     7
       Trog's Hand       |       |     1 |     1 ||     2
  Use: Scroll            |       |     4 |     5 ||     9
  Eat: Chunk             |     1 |     8 |     4 ||    13
       Ration            |       |     1 |     1 ||     2
Armor: Animal skin       |     4 |       |       ||     4
       Scale mail        |    12 |    36 |    68 ||   116
Dodge: Dodged            |    47 |    86 |    73 ||   206

Table legend:
 A = Non-vault XP
 B = Vault XP
 C = Vault XP percentage of total XP
 D = Non-vault monster count
 E = Vault monster count
 F = Vault count percentage of total count
                 A         B        C        D         E       F
            +---------+---------+-------+---------+---------+-------
      Total |    2193 |     693 |  24.0 |     119 |      26 |  17.9
            +---------+---------+-------+---------+---------+-------
        D:1 |      29 |       0 |   0.0 |      15 |       0 |   0.0
        D:2 |      55 |      19 |  25.7 |      12 |       5 |  29.4
        D:3 |     140 |     300 |  68.2 |      32 |      12 |  27.3
        D:4 |     137 |     162 |  54.2 |      11 |       8 |  42.1
        D:5 |    1117 |     212 |  16.0 |      25 |       1 |   3.8
        D:6 |     177 |       0 |   0.0 |       8 |       0 |   0.0
        D:7 |     538 |       0 |   0.0 |      16 |       0 |   0.0
            +---------+---------+-------+---------+---------+-------
